 Dungeon Crawl Stone Soup version 0.30.1-11-g7821555f0a (webtiles) character file.

Game seed: 3850640363345864743

2478 jagang the Trooper (level 9, -1/72 HPs)
             Began as a Human Monk on Jan 4, 2024.
             Was a Priest of the Shining One.
             Slain by a hornet (13 damage)
             ... on level 7 of the Dungeon on Jan 5, 2024.
             The game lasted 00:18:17 (5789 turns).

jagang the Trooper (Human Monk)                     Turns: 5789, Time: 00:18:19

Health: -1/72      AC: 13    Str: 12    XL:     9   Next: 80%
Magic:  10/11      EV:  8    Int: 10    God:    the Shining One [***...]
Gold:   120        SH:  7    Dex: 20    Spells: 8/8 levels left

rFire   . . .        a - +0 falchion
rCold   + . .        (no shield)
rNeg    + + .        B - +0 chain mail
rPois   .            (no helmet)
rElec   .            g - +0 cloak
rCorr   .            (no gloves)
SInv    .            j - +0 pair of boots
Will    .....        (no amulet) Stlth
                     p - ring of positive energy
HPRegen 0.32/turn    n - ring of protection from cold
MPRegen 0.12/turn

%: no passive effects
@: lethally poisoned (-1 -> -9), divinely shielded, slowed, glowing, very slow
A: no striking features
a: Renounce Religion, Divine Shield, Cleansing Flame


You were on level 7 of the Dungeon.
You worshipped the Shining One.
The Shining One was most pleased with you.
You visited 2 branches of the dungeon, and saw 8 of its levels.

You collected 335 gold pieces.
You spent 215 gold pieces at shops.

Inventory:

Hand Weapons
 a - a +0 falchion (weapon)
Missiles
 b - 5 boomerangs
 r - 7 poisoned darts
Armour
 g - a +0 cloak (worn)
 j - a +0 pair of boots (worn)
 B - a +0 chain mail (worn)
Jewellery
 n - a ring of protection from cold (right hand)
 p - a ring of positive energy (left hand)
Wands
 m - a wand of iceblast (9)
Scrolls
 d - 2 scrolls of vulnerability
 f - a scroll of noise
 h - 3 scrolls of fear
 k - 3 scrolls of magic mapping
 q - a scroll of amnesia
 s - 2 scrolls of teleportation
 v - a scroll of enchant weapon
 w - a scroll of immolation {unknown}
 y - 2 scrolls of poison {unknown}
Potions
 c - a potion of ambrosia
 e - 2 potions of attraction {unknown}
 i - a potion of berserk rage {unknown}
 o - a potion of mutation {unknown}
 t - 3 potions of invisibility
 u - 4 potions of curing
 x - a potion of flight {unknown}
 z - a potion of resistance {unknown}
 A - a potion of might {unknown}


   Skills:
 * Level 7.4 Fighting
 * Level 7.4 Long Blades
 - Level 3.0 Throwing
 * Level 6.7 Armour
 - Level 3.0 Dodging
 + Level 2.8 Invocations


You had 8 spell levels left.
You didn't know any spells.
Your spell library contained the following spells:

 Spells                   Type           Power      Damage    Failure   Level
 Freeze                   Ice            0%         1d3       100%        1
 Necrotise                Necr           0%         1d4       100%        1
 Frozen Ramparts          Ice            0%         1d1       100%        3
 Hailstorm                Conj/Ice       0%         3d3       100%        3
 Vampiric Draining        Necr           0%         2d6       100%        3
 Anguish                  Hex/Necr       0%         N/A       100%        4
 Cause Fear               Hex            0%         N/A       100%        4
 Passage of Golubria      Tloc           0%         N/A       100%        4
 Agony                    Necr           0%         N/A       100%        5
 Silence                  Hex/Air        0%         N/A       100%        5
 Enfeeble                 Hex            0%         N/A       100%        7
 Lehudib's Crystal Spear  Conj/Erth      0%         10d2      100%        8


Dungeon Overview and Level Annotations

Branches:
Dungeon (7/15)             Temple (1/1) D:4

Altars:
Ashenzari
Dithmenos
Elyvilon
Fedhas
Gozag
Hepliaklqana
Kikubaaqudgha
Makhleb
Nemelex Xobeh
Qazlal
Ru
Sif Muna
Trog
Uskayaw
Vehumet
Wu Jian
Xom
Yredelemnul
Zin
The Shining One

Shops:
D:4 (*(   D:5 (


Message History

The kobold brigand is almost dead.
The kobold brigand closely misses you.
You hit the kobold brigand.
The kobold brigand is almost dead.
The kobold brigand hits you with a +0 short sword.
You slash the kobold brigand!
You kill the kobold brigand!
The hornet stings you!
You feel yourself slow down.
You slash the hornet!
The hornet is moderately wounded.
The hornet stings you!
You feel as though you will be slow longer.
The hornet stings you.
You feel as though you will be slow longer.
You hit the hornet but do no damage.
The hornet is moderately wounded.
The hornet stings you but does no damage. x2
You hit the hornet.
The hornet is moderately wounded.
The hornet barely misses you. x2
The hornet stings you but does no damage.
You hit the hornet but do no damage.
The hornet is moderately wounded.
You block the hornet's attack. The hornet barely misses you.
You slash the hornet!
The hornet is heavily wounded.
You feel yourself speed up. The hornet stings you.
You are poisoned.
You feel yourself slow down. The hornet stings you.
You suddenly lose the ability to move!
You can move again.
You barely miss the hornet.
The hornet is heavily wounded.
You feel very sick. The hornet stings you!
* * * LOW HITPOINT WARNING * * *
You feel as though you will be slow longer.
The hornet stings you!
You die...

###.#.....#.#...
#.....#.#.....#.
..#.#.....#.....
#.....#.. #.#.#.##
#.#.....###....)K#
#.#)#.#.....#..KK#
#.......#.....#KK#
#.........#.#.##y#
#.....#.#.....##@#
..........#.####.###
###.###............#
#.# #.#.#.####.#†#
#+# #.....# ...#.#
####.###.###.# #.#
#. .# #.. . .# ###..
##


You could see a hornet and 5 kobolds.

Vanquished Creatures
  Pikel (D:5)
  Eustachio (D:4)
  4 black bears
  An ice beast (D:5)
  A lemure (D:4)
  A centaur (D:6)
  2 phantoms
  A kobold brigand (D:7)
  A bullfrog (D:7)
  A scorpion (D:5)
  3 wights (D:6)
  2 vampire bats (D:3)
  2 hounds
  A jelly (D:5)
  4 orc priests
  An iguana (D:7)
  An orc wizard (D:4)
  6 sleepcaps
  4 gnolls (D:5)
  15 adders
  A shadow imp (D:7)
  2 white imps
  3 ufetubi (D:6)
  5 worms
  3 dart slugs
  21 orcs
  6 bat skeletons (D:3)
  7 endoplasms
  6 giant cockroaches
  7 goblins
  2 hobgoblins
  8 jackals
  14 kobolds
  5 quokkas
  8 ball pythons
  8 bats
  A frilled lizard (D:1)
  5 rats
165 creatures vanquished.

Notes
Turn   | Place    | Note
-------+----------+-------------------------------------------
     0 | D:1      | jagang the Human Monk began the quest for the Orb.
     0 | D:1      | Reached XP level 1. HP: 18/18 MP: 1/1
   220 | D:1      | Reached XP level 2. HP: 24/24 MP: 2/2
   241 | D:1      | Reached skill level 1 in Armour
   350 | D:1      | Reached XP level 3. HP: 26/29 MP: 3/3
  1141 | D:2      | Reached XP level 4. HP: 17/36 MP: 4/4
  1442 | D:2      | Reached XP level 5. HP: 40/42 MP: 5/5
  1908 | D:3      | Found an ancient bone altar of Kikubaaqudgha.
  1921 | D:3      | Reached XP level 6. HP: 48/48 MP: 6/6
  1925 | D:3      | Reached skill level 1 in Throwing
  2010 | D:3      | Found a shimmering blue altar of Sif Muna.
  2193 | D:4      | Found Noon's Antique Weapon Shoppe.
  2193 | D:4      | Found Tusyongu's General Store.
  2193 | D:4      | Found Ryifroh's Weapon Shoppe.
  2208 | D:4      | Noticed a black bear
  2228 | D:3      | Killed a black bear
  2399 | D:4      | Reached XP level 7. HP: 19/55 MP: 7/7
  2604 | D:4      | Found a staircase to the Ecumenical Temple.
  2648 | Temple   | Entered the Ecumenical Temple
  2659 | Temple   | Became a worshipper of the Shining One
  2659 | Temple   | Reached * piety under the Shining One
  2659 | Temple   | Reached ** piety under the Shining One
  2715 | D:4      | Found a white marble altar of Elyvilon.
  2738 | D:4      | Reached skill level 5 in Fighting
  2743 | D:4      | Reached skill level 5 in Long Blades
  2790 | D:4      | Noticed Eustachio
  2806 | D:4      | Killed Eustachio
  2823 | D:4      | Reached XP level 8. HP: 41/63 MP: 8/8
  2957 | D:4      | Found a stormy altar of Qazlal.
  2959 | D:4      | Noticed a water elemental
  2959 | D:4      | Noticed a fire elemental
  2959 | D:4      | Noticed an air elemental
  3223 | D:4      | Bought a potion of curing for 30 gold pieces
  3223 | D:4      | Bought a potion of invisibility for 80 gold pieces
  3223 | D:4      | Bought a scroll of teleportation for 30 gold pieces
  3223 | D:4      | Bought a scroll of enchant weapon for 75 gold pieces
  3408 | D:5      | Entered Level 5 of the Dungeon
  3417 | D:5      | Noticed Pikel
  3508 | D:5      | Killed Pikel
  3509 | D:5      | Reached skill level 5 in Armour
  3772 | D:5      | Found Allitt's Antique Weapon Shop.
  3849 | D:5      | Reached XP level 9. HP: 58/70 MP: 9/9
  3861 | D:5      | Reached skill level 1 in Invocations
  4264 | D:5      | Found a burning altar of Makhleb.
  4265 | D:5      | Found a basalt altar of Yredelemnul.
  4266 | D:5      | Found a broken altar of Ashenzari.
  4267 | D:5      | Found a radiant altar of Vehumet.
  5047 | D:6      | Reached *** piety under the Shining One
  5088 | D:6      | Found an opulent altar of Gozag.
  5763 | D:7      | Noticed a hornet
  5788 | D:7      | Paralysed by a hornet for 1 turns
  5789 | D:7      | Slain by a hornet

Illustrated notes

Levels and vault maps discovered:
D:1:      nzn_arrival_depleted_hourglass, layout_loops_ring, chequers_garden
D:2:      layout_rooms, dreamdust_princess_bridge, minmay_tetromino_l4
D:3:      layout_rooms, kennysheep_vampire_church, lemuel_tele_altar
D:4:      layout_rooms, kennysheep_mini_moat, nicolae_qazlal_style_of_elements,
          minmay_temple_entry_butterflies, nicolae_shop_distant_corner_stores,
          uniq_eustachio
D:5:      layout_basic, chequers_temple_overflow_statue_of_worship,
          serial_shops, nicolae_shop_crystal, minmay_misc_feat_hallway,
          uniq_pikel
D:6:      layout_basic, mainiacjoe_overflow_alcove_2
D:7:      layout_loops_corners, hangedman_decor_points, minmay_misc_feat_room,
          minmay_nine_imps
Temple:   cyrus_circular_temple

Skill      XL: |  1  2  3  4  5  6  7  8  9 |
---------------+----------------------------+-----
Armour         | 1 2 3 4 5 6 |  6.7
Fighting       | 4 5 6 7 |  7.4
Long Blades    | 4 5 6 7 |  7.4
Throwing       | 1 2 3 |  3.0
Invocations    | 2 |  2.8
Dodging        | |  3.0

Action                     |  1- 3 |  4- 6 |  7- 9 || total
---------------------------+-------+-------+-------++-------
  Melee: Falchion          |   119 |   154 |   388 ||   661
         Punch             |       |       |     7 ||     7
  Throw: Boomerang         |       |    13 |    26 ||    39
         Dart              |       |       |     8 ||     8
 Invoke: Divine Shield     |       |       |     1 ||     1
    Use: Scroll            |     3 |       |     2 ||     5
 Armour: Robe              |    17 |       |       ||    17
         Ring mail         |    14 |    94 |   138 ||   246
         Chain mail        |       |       |    48 ||    48
  Dodge: Dodged            |   106 |   123 |   247 ||   476
  Block: Other             |       |       |     2 ||     2
